 Dungeon Crawl Stone Soup version 0.14.0-12-g87ee3b7 (webtiles) character file.

74117 MDvedh the Warrior (level 15, -25/155 HPs)
             Began as a Minotaur Fighter on Apr 14, 2014.
             Was a High Priest of Okawaru.
             Blown up by an orb spider (51 damage)
             ... with an orb of destruction
             ... on Level 1 of the Spider Nest.
             The game lasted 01:35:24 (31767 turns).

MDvedh the Warrior (Minotaur Fighter)              Turns: 31767, Time: 01:35:24

HP -25/155       AC 22     Str 27      XL: 15   Next:  2%
MP   7/7         EV  6     Int 12      God: Okawaru [*****.]
Gold 1105        SH 25     Dex 10      Spells:  0 memorised, 14 levels left

rFire  + . .     SeeInvis +     r - +3,+7 scimitar of Severance {antimagic, rPois Int+4 Stlth}
rCold  + . .     Clarity  .     p - +0 plate armour
rNeg   + . .     Conserve .     c - +0 shield
rPois  +         rCorr    .     i - +2 hat {Int+3}
rElec  .         rRot     .     e - +0 cloak {rC+}
SustAb . .       Spirit   .     Y - +2 pair of gloves {archer}
rMut   +         Warding  .     (no boots)
Saprov . . .     Stasis   .     m - amulet of resist mutation
MR     +....                    L - ring of protection from fire
                                t - ring of Shadows {Umbra +Inv rN+ SInv}

@: wreathed by umbra, somewhat resistant to hostile enchantments, extremely
unstealthy
A: retaliatory headbutt, horns 2, spit poison 1
a: Spit Poison, Heroism, Finesse, Renounce Religion, Evoke Invisibility


You were on level 1 of the Spider Nest.
You worshipped Okawaru.
Okawaru was extremely pleased with you.
You were full.

You visited 4 branches of the dungeon, and saw 28 of its levels.
You also visited: Ice Cave.

You collected 2267 gold pieces.
You spent 1162 gold pieces at shops.

Inventory:

Hand weapons
 r - the +3,+7 scimitar of Severance (weapon) {antimagic, rPois Int+4 Stlth}
   (You acquired it on level 10 of the Dungeon)

   It disrupts the flow of magical energy around spellcasters and certain
   magical creatures (including the wielder).
   It affects your intelligence (+4).
   It protects you from poison.
   It makes you more stealthy.
 D - a +2,+2 scimitar of holy wrath
 G - a +3,+4 vampiric scimitar
 T - a +4,+3 scimitar of flaming
Armour
 c - a +0 shield (worn)
 e - a +0 cloak of cold resistance (worn)
 i - a +2 hat of intelligence (worn)
 p - a +0 plate armour (worn)
 Y - a +2 pair of gloves of archery (worn)
Magical devices
 f - a wand of teleportation (4)
 k - a wand of invisibility (3)
 x - a wand of digging (10)
 B - a wand of disintegration (7)
Comestibles
 d - 11 bread rations
 A - a pear
 F - 2 meat rations
 P - an apple
 V - a choko
Scrolls
 g - 6 scrolls of teleportation
 j - 6 scrolls of remove curse
 q - 2 scrolls of recharging
 w - 2 scrolls of vulnerability
 y - 2 scrolls of fog
 z - 2 scrolls of fear
 C - a scroll of magic mapping
 Q - a scroll of holy word
 R - a scroll of silence
Jewellery
 a - the ring of Byockol {MP+9 Str+4 Int-4}
   (You found it on level 11 of the Dungeon)

   [ring of magical power]

   It affects your strength (+4).
   It affects your intelligence (-4).
 l - a +1 ring of dexterity
 m - an amulet of resist mutation (around neck)
 n - an uncursed ring of protection from cold
 o - an uncursed ring of protection from cold
 t - the ring of Shadows (left hand) {Umbra +Inv rN+ SInv}
   (You found it on level 15 of the Dungeon)

   [ring of invisibility]

   It protects you from negative energy.
   It enhances your eyesight.
 L - a ring of protection from fire (right hand)
 N - an uncursed ring of positive energy
 S - a +4 ring of dexterity
 U - an uncursed ring of protection from cold
Potions
 h - 5 potions of curing
 s - a potion of invisibility
 u - 5 potions of might
 E - a potion of magic
 I - a potion of agility


   Skills:
 - Level 20.0 Fighting
 - Level 16.5 Long Blades
 - Level 11.0 Armour
 + Level 10.4 Shields
   Level 3.1 Air Magic
 - Level 7.0 Invocations


You had 14 spell levels left.
You didn't know any spells.

Dungeon Overview and Level Annotations

Branches:
Dungeon (15/15)            Temple (0/1) D:4             Orc (4/4) D:11
    Elf (0/3) Orc:4          Lair (8/8) D:10         Shoals (0/5) Lair:3
 Spider (1/5) Lair:3        Slime (0/6) Lair:6       Vaults (0/5) D:14
 Depths: D:15

Altars:
Cheibriados
Kikubaaqudgha
Makhleb
Okawaru
Sif Muna
Trog
The Shining One

Shops:
D:11 %   D:13 :?   Orc:4 *!(}

Portals:
Ziggurat: Lair:4

Annotations:
Orc:2 Psyche
Lair:1 4 exclusions


Innate Abilities, Weirdness & Mutations

You reflexively headbutt those who attack you in melee.
You have a pair of horns on your head.
You can spit poison.


Message History

The orb spider begins to weave its threads into a brightly glowing ball.
There is a crawl-hole back to the Lair here.
The orb spider weaves a glowing orb of energy.
Things that are here:
a spider corpse; a wolf spider corpse You offer a prayer to Okawaru.
The spider corpse is consumed by flame.
The wolf spider corpse is consumed by flame.
Okawaru is extremely pleased with you.
Unknown command.
The orb of destruction hits you!
* * * LOW HITPOINT WARNING * * *
The orb spider spins a strand of pure energy.
The orb spider weaves a glowing orb of energy.
Unknown command.
There is a crawl-hole back to the Lair here.
Unknown command.
The orb spider begins to weave its threads into a brightly glowing ball.
The orb of destruction hits you!
You die...

. ... ..#≈#...#..
..^^........
..#..#.......
....#.s....#≈ .#
#...§....... ....
#..§§.......
...^.s#..§....#....
#.....@.......##
#...............
#≈...............
#...#...###≈#....
......... .≈≈###
#....... .....
..#.... ....
....... ### .....


You could see 2 orb spiders.

Vanquished Creatures
  Frances (D:15)
  Gastronok (D:10)
  The ghost of eeldvark the Carver, a powerful HuFi of Zin (D:12)
  Josephine (D:10)
  A vault guard (D:14)
  Harold (D:15)
  Nessos (D:11)
  The ghost of Ortelius the Covert, a powerful SpAs (D:12)
  5 orc high priests (Orc:4)
  Nergalle (D:12)
  2 centaur warriors
  2 ice devils (IceCv)
  3 iron trolls
  A skeletal warrior (D:14)
  4 lindwurms (D:15)
  An unseen horror (D:13)
  A wizard (D:14)
  2 ice statues (IceCv)
  6 hill giants
  Erolcha (D:12)
  6 wolf spiders
  8 orc knights (Orc:4)
  3 cyclopes
  2 griffons
  3 elephants (Lair:6)
  5 black mambas
  A gargoyle (D:13)
  5 spiny frogs
  7 fire drakes
  2 efreet
  An item mimic (Lair:6)
  A redback zombie (D:13)
  A hydra zombie (D:15)
  3 komodo dragons
  8 blue devils (IceCv)
  Sonja (Orc:3)
  A polar bear (Lair:6)
  4 jumping spiders
  A boggart (D:15)
  A queen bee (Lair:1)
  Prince Ribbit (D:6)
  6 slime creatures
  3 trolls
  3 spectral orcs (D:12)
  A hydra skeleton (D:15)
  A two-headed ogre (D:9)
  5 wyverns
  3 wraiths
  2 basilisks
  2 tarantellas
  2 redbacks (Lair:3)
  6 ugly things (D:11)
  A hill giant zombie (D:14)
  19 yaks
  7 hippogriffs
  A vampire (D:15)
  A warg (Orc:1)
  Grum (D:10)
  2 hungry ghosts
  8 wolves
  3 deep elf magi
  A hill giant skeleton (D:11)
  7 vampire mosquitoes
  Edmund (D:4)
  2 soldier ants
  Menkaure (D:5)
  5 porcupines
  15 water moccasins
  28 orc warriors
  3 spiders
  5 sky beasts
  5 ice beasts
  7 ogres
  3 black bears
  A giant goldfish (Lair:5)
  17 centaurs
  4 phantoms
  A big kobold (D:14)
  Duvessa (D:4)
  6 giant slugs
  A hill giant simulacrum (D:10)
  10 crocodiles
  Blork the orc (D:8)
  14 giant frogs
  A gnoll sergeant (D:10)
  A manticore simulacrum (D:14)
  A wyvern skeleton (D:10)
  A yak zombie (D:11)
  A scorpion (D:12)
  A tengu zombie (D:12)
  14 wights
  30 killer bees
  A hippogriff zombie (D:10)
  3 pulsating lumps (Lair:6)
  9 crimson imps
  2 vampire bats (D:9)
  Dowan (D:4)
  A centaur zombie (D:8)
  A wyvern simulacrum (D:10)
  6 goliath beetles
  2 quasits
  A giant frog zombie (D:11)
  A basilisk zombie (D:11)
  6 jellies
  44 orc priests
  15 hounds
  23 orc wizards
  12 iguanas
  A killer bee zombie (D:5)
  18 sheep
  2 ogre zombies
  6 worker ants
  A sky beast zombie (D:5)
  An ogre skeleton (D:5)
  2 mummies
  23 adders
  12 gnolls
  72 green rats
  An orc skeleton (D:13)
  2 shadow imps
  A giant mite (D:7)
  21 white imps
  An inept feature mimic (D:9)
  2 worms
  5 ufetubi (IceCv)
  An adder zombie (D:8)
  An iguana skeleton (D:10)
  3 giant eyeballs
  11 giant geckos
  178 orcs
  3 ball pythons
  5 bat skeletons
  2 bat zombies
  4 giant cockroaches
  12 hobgoblins
  11 quokkas
  19 bats
  A giant gecko zombie (D:5)
  3 giant newts
  A giant spore (D:14)
  A gnoll skeleton (D:8)
  20 goblins
  24 jackals
  A jackal skeleton (D:7)
  A jackal zombie (D:4)
  14 kobolds
  A kobold skeleton (D:4)
  An orc simulacrum (D:12)
  3 orc zombies
  19 rats
  A ballistomycete (D:14)
  A bush (Lair:1)
  2 fungi (Lair:2)
  2 plants
  2 toadstools (D:1)
1015 creatures vanquished.

Vanquished Creatures (others)
  A hill giant (D:15)
  A cyclops (D:15)
  A hungry ghost (D:15)
  A yaktaur simulacrum (D:15)
  A spider (Spider:1)
  A brain worm (D:15)
  A white imp (IceCv)
  2 ufetubi (IceCv)
  An orc zombie (D:9)
  An orc (D:15)
  2 toadstools (D:1)
13 creatures vanquished.

Grand Total: 1028 creatures vanquished

Notes
Turn   | Place    | Note
--------------------------------------------------------------
     0 | D:1      | MDvedh, the Minotaur Fighter, began the quest for the Orb.
     0 | D:1      | Reached XP level 1. HP: 19/19 MP: 1/1
   139 | D:1      | Reached XP level 2. HP: 23/26 MP: 1/1
   585 | D:2      | Reached skill level 4 in Long Blades
   585 | D:2      | Reached XP level 3. HP: 9/31 MP: 2/2
   677 | D:2      | Found an iron altar of Okawaru.
   687 | D:2      | Became a worshipper of Warmaster Okawaru
   779 | D:2      | Reached skill level 5 in Long Blades
   960 | D:2      | Found a deep blue altar of Sif Muna.
  1012 | D:2      | Reached XP level 4. HP: 39/39 MP: 2/2
  1205 | D:3      | Noticed an ogre
  1210 | D:3      | Killed an ogre
  1210 | D:3      | Acquired Okawaru's first power
  1210 | D:3      | Reached skill level 6 in Long Blades
  1210 | D:3      | Reached XP level 5. HP: 40/45 MP: 2/2
  1267 | D:3      | Reached skill level 7 in Long Blades
  1517 | D:3      | Reached XP level 6. HP: 45/51 MP: 3/3
  1624 | D:3      | Reached skill level 8 in Long Blades
  1889 | D:4      | Noticed Edmund
  1916 | D:4      | Killed Edmund
  1916 | D:4      | Reached skill level 9 in Long Blades
  1942 | D:4      | Noticed Duvessa
  1944 | D:4      | Noticed Dowan
  1962 | D:4      | Killed Duvessa
  1962 | D:4      | Reached XP level 7. HP: 36/57 MP: 1/3
  2019 | D:4      | Killed Dowan
  2714 | D:4      | Found a staircase to the Ecumenical Temple.
  2766 | D:4      | Reached skill level 16 in Long Blades
  2766 | D:4      | Reached XP level 8. HP: 64/64 MP: 3/3
  2857 | D:5      | Entered Level 5 of the Dungeon
  3133 | D:5      | Reached skill level 5 in Armour
  3509 | D:6      | Found a bloodstained altar of Trog.
  3510 | D:6      | Noticed Menkaure
  3525 | D:5      | Killed Menkaure
  3525 | D:5      | Reached XP level 9. HP: 70/70 MP: 4/4
  4066 | D:6      | Noticed Prince Ribbit
  4082 | D:6      | Killed Prince Ribbit
  5049 | D:7      | Found a glowing golden altar of the Shining One.
  5520 | D:8      | Noticed Blork the orc
  5534 | D:8      | Killed Blork the orc
  6563 | D:9      | Found an ancient bone altar of Kikubaaqudgha.
  6571 | D:9      | Reached XP level 10. HP: 73/77 MP: 4/4
  6643 | D:9      | Reached skill level 10 in Armour
  7182 | D:10     | Entered Level 10 of the Dungeon
  7190 | D:10     | Noticed Josephine
  7192 | D:10     | Noticed Grum
  7731 | D:10     | Noticed Gastronok
  7788 | D:10     | Killed Gastronok
  8317 | D:10     | Killed Grum
  8330 | D:10     | Reached skill level 1 in Invocations
  8369 | D:10     | Found a staircase to the Lair.
  8750 | D:10     | Reached XP level 11. HP: 80/92 MP: 5/7
  8978 | D:10     | Killed Josephine
  8978 | D:10     | Acquired Okawaru's second power
  9271 | D:10     | Identified a scroll of acquirement
  9272 | D:10     | Got a shimmering scimitar
  9273 | D:10     | Identified the +3,+7 scimitar of Severance {antimagic, rPois Int+4 Stlth} (You acquired it on level 10 of the Dungeon)
  9279 | Lair:1   | Entered Level 1 of the Lair of Beasts
  9927 | Lair:1   | Reached skill level 5 in Invocations
 10683 | Lair:1   | Reached skill level 10 in Fighting
 11138 | Lair:2   | Noticed an eight-headed hydra
 11405 | Lair:2   | Received a gift from Okawaru
 11737 | Lair:3   | Found a staircase to the Shoals.
 11800 | Lair:3   | Found a snail-covered altar of Cheibriados.
 12252 | Lair:3   | Found a hole to the Spider Nest.
 12675 | Lair:3   | Noticed an eight-headed hydra
 13201 | Lair:4   | Reached skill level 1 in Air Magic
 13272 | Lair:4   | Received a gift from Okawaru
 13314 | Lair:4   | Reached XP level 12. HP: 108/108 MP: 6/18
 15568 | Lair:6   | Found a staircase to the Slime Pits.
 16044 | Lair:7   | Noticed an eight-headed hydra
 16756 | Lair:7   | Received a gift from Okawaru
 16773 | Lair:7   | Noticed a four-headed hydra
 17096 | Lair:8   | Entered Level 8 of the Lair of Beasts
 17200 | Lair:8   | Noticed a seven-headed hydra
 17541 | D:11     | Got a brightly glowing bone ring
 17552 | D:11     | Noticed a cyclops
 17561 | D:11     | Killed a cyclops
 17587 | D:11     | Noticed Nessos
 17609 | D:11     | Killed Nessos
 17609 | D:11     | Reached XP level 13. HP: 83/125 MP: 5/20
 17646 | D:11     | Identified the ring of Byockol {MP+9 Str+4 Int-4} (You found it on level 11 of the Dungeon)
 17750 | D:11     | Found Sovoj's Food Boutique.
 17761 | D:11     | Found a staircase to the Orcish Mines.
 18086 | D:11     | Reached skill level 15 in Fighting
 18127 | D:11     | Noticed a hill giant
 18148 | D:11     | Killed a hill giant
 18694 | Orc:1    | Entered Level 1 of the Orcish Mines
 18757 | Orc:1    | Found a bloodstained altar of Trog.
 19470 | Orc:2    | Noticed Psyche
 20038 | Orc:3    | Noticed Sonja
 20061 | Orc:3    | Killed Sonja
 20314 | Orc:4    | Entered Level 4 of the Orcish Mines
 20744 | Orc:3    | HP: 6/128 [iron troll (14)]
 22214 | Orc:4    | Received a gift from Okawaru
 23317 | Orc:4    | Found a staircase to the Elven Halls.
 23395 | Orc:4    | Reached skill level 17 in Fighting
 24755 | Orc:4    | Received a gift from Okawaru
 24805 | Orc:4    | Found Guskuw's Gadget Shop.
 24806 | Orc:4    | Found Ghiyt's Distillery.
 24806 | Orc:4    | Found Femub's Antique Weapon Shop.
 24807 | Orc:4    | Found Houxkyuf's General Store.
 24818 | Orc:4    | Bought a wand of disintegration (7) for 154 gold pieces
 24828 | Orc:4    | Bought a potion of curing for 28 gold pieces
 24828 | Orc:4    | Bought a potion of curing for 28 gold pieces
 24828 | Orc:4    | Bought a potion of curing for 28 gold pieces
 24828 | Orc:4    | Bought a potion of might for 35 gold pieces
 24828 | Orc:4    | Bought a potion of curing for 28 gold pieces
 24828 | Orc:4    | Bought a potion of heal wounds for 42 gold pieces
 24828 | Orc:4    | Bought a potion of heal wounds for 42 gold pieces
 24828 | Orc:4    | Bought a potion of magic for 77 gold pieces
 24831 | Orc:4    | Bought a potion of curing for 28 gold pieces
 24831 | Orc:4    | Bought a scroll of magic mapping for 49 gold pieces
 24831 | Orc:4    | Bought a scroll of identify for 28 gold pieces
 24831 | Orc:4    | Bought a scroll of fog for 28 gold pieces
 24832 | Orc:4    | Bought a potion of mutation for 35 gold pieces
 24833 | Orc:4    | Gained mutation: You can spit poison. [potion of mutation]
 25392 | D:11     | Reached skill level 18 in Fighting
 25639 | D:12     | Found a burning altar of Makhleb.
 25640 | D:12     | Found a frozen archway.
 25691 | IceCv    | Entered an ice cave
 25827 | IceCv    | Reached XP level 14. HP: 142/144 MP: 6/20
 26377 | D:12     | Noticed Nergalle
 26410 | D:12     | Killed Nergalle
 26415 | D:12     | Noticed Ortelius' ghost (powerful SpAs)
 26440 | D:12     | Killed Ortelius' ghost
 26818 | D:12     | Reached skill level 19 in Fighting
 26935 | D:12     | Noticed eeldvark's ghost (powerful HuFi)
 26949 | D:12     | Killed eeldvark's ghost
 27363 | D:12     | Noticed Erolcha
 27372 | D:12     | Killed Erolcha
 27680 | D:13     | Found Satreid's Book Emporium.
 27710 | D:13     | Found Juhym's Magic Scroll Shop.
 27716 | D:13     | Bought a scroll of holy word for 105 gold pieces
 27716 | D:13     | Bought a scroll of teleportation for 42 gold pieces
 27716 | D:13     | Bought a scroll of silence for 105 gold pieces
 27716 | D:13     | Bought a scroll of brand weapon for 280 gold pieces
 28680 | D:13     | Reached skill level 20 in Fighting
 28770 | D:14     | Received a gift from Okawaru
 28803 | D:14     | Paralysed by a giant eyeball for 4 turns
 28992 | D:14     | Paralysed by a wizard for 5 turns
 29003 | D:14     | Reached skill level 5 in Shields
 29484 | D:14     | Found a gate to the Vaults.
 29740 | D:15     | Entered Level 15 of the Dungeon
 30298 | D:15     | Noticed Frances
 30323 | D:15     | Killed Frances
 30618 | D:15     | Identified the Almanac of Lucky Dislocation (You found it on level 15 of the Dungeon)
 30668 | D:15     | Noticed Harold
 30687 | D:15     | Killed Harold
 30976 | Spider:1 | Entered Level 1 of the Spider Nest
 31238 | Lair:3   | Reached skill level 10 in Shields
 31739 | Spider:1 | Reached XP level 15. HP: 104/155 MP: 7/21
 31767 | Spider:1 | Blown up by an orb spider

Action                   |  1- 3 |  4- 6 |  7- 9 | 10-12 | 13-15 || total
-------------------------+-------+-------+-------+-------+-------++-------
Melee: Long sword        |    95 |   150 |   381 |   322 |       ||   948
       Unarmed           |       |       |    13 |       |       ||    13
       Scimitar          |       |       |       |   868 |  1653 ||  2521
Invok: Heroism           |       |     3 |     5 |    14 |    11 ||    33
       Finesse           |       |       |       |       |     1 ||     1
Evoke: Wand              |       |       |     4 |     7 |    13 ||    24
       Deck              |       |       |       |    10 |       ||    10
  Use: Potion            |     2 |     3 |     3 |    10 |    10 ||    28
       Scroll            |       |       |    21 |    26 |    13 ||    60
 Stab: Invisible         |       |       |       |     3 |     4 ||     7
       Fleeing           |       |       |       |       |     1 ||     1
